 Dungeon Crawl Stone Soup version 0.16-a0-2400-g1eca9a7 (webtiles) character file.

41814 PolkaDot the Summoner (level 13, 0/90 HPs)
             Began as a Vampire Summoner on Nov 18, 2014.
             Was the Champion of Sif Muna.
             Killed from afar by a shock serpent (shapeshifter) (30 damage)
             ... with a bolt of electricity
             ... on level 12 of the Dungeon on Nov 19, 2014.
             The game lasted 02:53:44 (29251 turns).

PolkaDot the Summoner (Vampire Summoner)           Turns: 29251, Time: 02:53:47

Health: 0/90       AC: 14    Str:  7    XL:     13   Next: 82%
Magic:  18/25      EV: 10    Int: 23    God:    Sif Muna [******]
Gold:   1677       SH:  0    Dex: 14    Spells: 7 memorised, 1 level left

rFire  . . .     SeeInvis +     a - +4 lajatang (flame)
rCold  . . .     Clarity  .     t - +4 troll leather armour
rNeg   . . .     SustAb   .     (no shield)
rPois  .         Gourm    .     (no helmet)
rElec  .         Spirit   .     r - +2 cloak
rCorr  .         Warding  .     P - +2 pair of gloves
rMut   .         Stasis   .     (no boots)
MR     +....                    (no amulet)
Stlth  ++........               z - +2 ring of intelligence
                                k - ring of wizardry

@: regenerating very quickly, somewhat resistant to hostile enchantments,
unstealthy
A: bottle blood, fangs 3, see invisible, unbreathing
a: Channel Energy, Forget Spell, Renounce Religion


You were on level 12 of the Dungeon.
You worshipped Sif Muna.
Sif Muna was exalted by your worship.
You were almost alive.

You visited 3 branches of the dungeon, and saw 21 of its levels.
You also visited: Sewer.

You collected 1677 gold pieces.

Inventory:

Hand weapons
 a - a +4 lajatang of flaming (weapon)
Missiles
 d - 3 throwing nets (quivered)
Armour
 r - a +2 cloak (worn)
 t - a +4 troll leather armour (worn)
 P - a +2 pair of gloves (worn)
Magical staves
 b - an uncursed staff of summoning
Jewellery
 k - a ring of wizardry (left hand)
 z - a +2 ring of intelligence (right hand)
Magical devices
 j - a wand of random effects (32)
 l - a wand of digging (6)
 n - a wand of confusion (41)
 q - a wand of fire (2)
 A - a wand of magic darts (25)
 D - a wand of flame (13)
 I - a wand of frost (17)
 J - a wand of teleportation (4)
 Q - a wand of random effects (20)
Scrolls
 e - 2 scrolls of vulnerability
 h - 6 scrolls of amnesia
 o - 3 scrolls of torment
 p - 16 scrolls of remove curse
 w - 3 scrolls of recharging
 x - a scroll of identify
 y - a scroll of immolation
 C - a scroll of fear
 G - a scroll of enchant weapon
 L - a scroll of enchant armour
 M - 5 scrolls of magic mapping
Potions
 c - a potion of agility
 f - a potion of resistance
 i - a potion of flight
 m - a potion of lignification
 s - 3 potions of brilliance
 u - 2 potions of curing
 v - a potion of might
 E - 17 potions of blood {@*1}
 F - 2 potions of restore abilities
 H - a potion of invisibility
 K - a potion of cure mutation {!q}
Books
 g - a book of Alchemy

   Spells                             Type                      Level
   Sublimation of Blood               Necromancy                   2
   Alistair's Intoxication            Transmutation/Poison         4
   Condensation Shield                Ice                          4
   Petrify                            Transmutation/Earth          4
   Ignite Poison                      Fire/Transmutation           5
   Irradiate                          Conjuration/Transmutation    5
 B - Sif Muna's Disquisition on Air
   (Sif Muna gifted it to you on level 6 of the Lair of Beasts)

   Spells                             Type                      Level
   *Flight                            Charms/Air                   3
   Mephitic Cloud                     Conjuration/Poison/Air       3
   Static Discharge                   Conjuration/Air              3
   Airstrike                          Air                          4
   Deflect Missiles                   Charms/Air                   6


   Skills:
 - Level 4.8 Fighting
 * Level 12.1 Staves
 - Level 2.1 Dodging
 - Level 3.0 Stealth
 - Level 0.4 Unarmed Combat
 - Level 5.4 Spellcasting
 - Level 5.1 Hexes
 - Level 6.3 Charms
 + Level 12.3 Summonings
 - Level 5.2 Ice Magic
 + Level 6.8 Air Magic
 - Level 5.0 Invocations
 - Level 4.8 Evocations


You had one spell level left.
You knew the following spells:

 Your Spells              Type           Power        Failure   Level  Hunger
a - Summon Small Mammal   Summ           ####         1%          1    None
b - Summon Lightning Spi  Summ/Air       ######..     1%          4    ####...
d - Call Canine Familiar  Summ           ######..     1%          3    ##.....
g - Summon Guardian Gole  Hex/Summ       #####...     1%          4    ####...
i - Summon Ice Beast      Ice/Summ       #####...     1%          4    ####...
s - Call Imp              Summ           ######..     1%          2    None
F - Flight                Chrm/Air       #####.....   1%          3    ##.....


Dungeon Overview and Level Annotations

Branches:
Dungeon (12/15)            Temple (1/1) D:5            Lair (8/8) D:11
  Swamp (0/5) Lair:5        Snake (0/5) Lair:4        Slime (0/6) Lair:7
    Orc (0/4) D:10

Altars:
Ashenzari
Cheibriados
Dithmenos
Elyvilon
Fedhas
Gozag
Kikubaaqudgha
Makhleb
Nemelex Xobeh
Okawaru
Qazlal
Ru
Sif Muna
Trog
Vehumet
Xom
Yredelemnul
Zin
The Shining One

Shops:
D:11 ((


Innate Abilities, Weirdness & Mutations

Your natural rate of healing is extremely fast.
You can bottle blood from corpses.
You have razor-sharp teeth.
You have supernaturally acute eyesight.
You can survive without breathing.


Message History

The lightning shocks your ice beast. x2
Casting: Summon Ice Beast
Confirm with . or Enter, or press ? or * to list all spells.
The shock serpent shoots out a bolt of lightning at you!
The bolt of electricity misses you. The bolt of electricity hits you!
* * * LOW HITPOINT WARNING * * *
The bolt of electricity hits the shock serpent.
The shock serpent completely resists.
Evoke which item? (* to show all) (? for menu, Esc to quit)
Zapping:
I - a wand of frost (will waste charges)
Press: ? - help, Shift-Dir - straight line, f/p - shock serpent
Aim: a shock serpent (almost dead)
The puff of frost hits the shock serpent.
The shock serpent is almost dead.
Evoking this partially-identified wand wasted a few charges.
Your skill with magical items lets you calculate the power of this device...
This wand has 17 charges left.
The shock serpent shoots out a bolt of lightning at you!
The bolt of electricity hits you!
You die...

#....#...# #..#
#....#...# ##.#
#.####...# .#
#........# .#
#.####...# # #..
#..Y#######..# #..
#(YSh†.......#
#.####(((())......#
#....)..@.........#
#.####.####.####..#
#.# #(# # #.# #.#
#.# #.# ... ... ###
###


You could see a shock serpent, 2 friendly ice beasts and a friendly wolf.

Vanquished Creatures
  A hydra (Lair:6)
  Nergalle (D:10)
  8 elephants
  A black mamba (Lair:7)
  The ghost of trelanon the Twirler, an experienced VSGl of Okawaru (D:6)
  A guardian golem (Lair:5)
  5 ice beasts
  3 komodo dragons
  A fire drake (Lair:7)
  A kobold demonologist (D:12)
  A two-headed ogre (D:12)
  4 polar bears (Lair:8)
  A basilisk (Lair:6)
  8 redbacks (Lair:8)
  8 yaks
  A deep elf mage (D:7)
  9 spriggans (Lair:8)
  A warg (Lair:5)
  3 hippogriffs
  11 wolves
  An orc warrior (D:12)
  5 porcupines
  A phantom (D:10)
  2 sky beasts
  3 water moccasins
  A swamp drake (Lair:5)
  2 slaves (D:4)
  3 yellow wasps (Lair:8)
  4 centaurs
  An eye of draining (D:9)
  2 ogres
  2 black bears
  7 crocodiles
  9 giant frogs
  A gnoll sergeant (D:5)
  A wyvern zombie (D:11)
  A scorpion (D:8)
  A water moccasin skeleton (D:4)
  5 wights (D:12)
  A giant frog zombie (D:12)
  A centaur skeleton (D:5)
  A crimson imp (D:12)
  14 hounds
  An orc wizard (D:12)
  2 orc priests
  2 giant frog skeletons
  5 iguanas
  5 worker ants
  12 sheep
  A hound skeleton (D:7)
  4 gnolls
  18 adders
  12 river rats
  2 giant mites
  A worm (D:3)
  3 shadow imps
  An adder zombie (D:9)
  9 giant geckos
  3 oozes
  18 orcs
  13 bats
  A bat skeleton (D:7)
  10 giant cockroaches
  5 goblins
  11 hobgoblins
  16 jackals
  11 quokkas
  4 ball pythons
  A giant gecko zombie (D:5)
  11 giant newts
  27 kobolds
  20 rats
  4 ballistomycetes
  2 fungi (Lair:5)
  6 plants
380 creatures vanquished.

Vanquished Creatures (collateral kills)
  4 hydras
  Fannar (D:10)
  Nessos (D:12)
  Erica (Lair:4)
  A centaur warrior (D:12)
  An ice statue (D:10)
  An orc knight (D:11)
  Pikel (D:4)
  3 hill giants
  A griffon (Lair:6)
  A cyclops (D:12)
  7 black mambas
  A centaur zombie (D:12)
  13 elephants
  Joseph (D:8)
  6 spiny frogs
  A torpor snail (Lair:7)
  A fire drake (Lair:2)
  2 kobold demonologists (D:12)
  A redback zombie (D:10)
  5 komodo dragons
  2 trolls
  Sonja (D:12)
  2 polar bears (Lair:8)
  16 blink frogs
  2 boulder beetles (Lair:8)
  2 deep elf magi
  A basilisk (Lair:2)
  A wyvern (D:11)
  2 redbacks (Lair:8)
  A guardian golem (D:8)
  A steam dragon (D:8)
  8 hippogriffs
  Grum (D:10)
  21 yaks
  4 spriggans (Lair:8)
  A human (D:8)
  34 wolves
  3 nagas (Lair:4)
  4 porcupines
  3 sky beasts
  2 orc warriors (D:10)
  39 ice beasts
  A phantom (D:11)
  10 water moccasins
  5 black bears
  2 slaves (D:4)
  2 yellow wasps (Lair:8)
  3 ogres
  Sigmund (D:2)
  13 crocodiles
  9 centaurs
  6 giant frogs
  2 big kobolds (D:12)
  2 scorpions (D:10)
  5 killer bees (D:8)
  6 jellies
  3 goliath beetles
  5 electric eels (D:10)
  2 giant frog zombies (D:12)
  2 crimson imps
  Crazy Yiuf (D:2)
  2 iguanas (Lair:1)
  4 orc priests
  2 giant frog skeletons (D:9)
  2 hounds (D:10)
  4 orc wizards
  A statue (D:8)
  A worker ant (D:11)
  7 orange rats
  21 sheep
  4 adders
  2 gnolls
  26 river rats
  A shadow imp (D:11)
  17 orcs
  A ball python (D:6)
  3 bats
  4 hobgoblins
  4 quokkas
  A giant newt (D:4)
  A giant spore (D:10)
  5 jackals
  2 kobolds
  3 orc zombies (D:11)
  A quokka skeleton (D:8)
  16 rats
  A ballistomycete (D:10)
  A butterfly (Lair:7)
  2 fungi (Lair:8)
  4 plants
428 creatures vanquished.

Vanquished Creatures (others)
  An ugly thing (D:12)
  2 elephants (Lair:4)
  A troll (D:12)
  2 polar bears (Lair:8)
  17 guardian golems
  57 ice beasts
  The ghost of trelanon the Twirler, an average VSGl (D:4)
  2 yaks (Lair:2)
  13 wargs
  19 wolves
  An ogre (D:7)
  4 lightning spires (Lair:8)
  10 crimson imps
  11 hounds
  An iguana (D:7)
  A river rat (D:6)
  9 white imps
  4 shadow imps
  2 quokkas (Lair:6)
  A bat (D:4)
  A giant spore (D:8)
  A rat (D:1)
  24 fungi
  13 plants
198 creatures vanquished.

Grand Total: 1006 creatures vanquished

Notes
Turn   | Place    | Note
--------------------------------------------------------------
     0 | D:1      | PolkaDot, the Vampire Summoner, began the quest for the Orb.
     0 | D:1      | Reached XP level 1. HP: 13/13 MP: 3/3
   219 | D:1      | Reached skill level 1 in Fighting
   339 | D:1      | Reached XP level 2. HP: 7/21 MP: 1/4
   832 | D:1      | Reached XP level 3. HP: 23/27 MP: 6/6
  1385 | D:1      | Learned a level 2 spell: Call Imp
  1389 | D:1      | Learned a level 3 spell: Call Canine Familiar
  1522 | D:2      | Found a burning altar of Makhleb.
  2186 | D:2      | Noticed Sigmund
  2192 | D:2      | Killed Sigmund
  2192 | D:2      | Reached XP level 4. HP: 21/34 MP: 0/9
  2690 | D:2      | Noticed Crazy Yiuf
  2707 | D:2      | Killed Crazy Yiuf
  2920 | D:3      | Reached XP level 5. HP: 40/40 MP: 11/11
  3113 | D:3      | Noticed an ogre
  3119 | D:3      | Killed an ogre
  3312 | D:3      | Found a shadowy altar of Dithmenos.
  3546 | D:3      | Learned a level 4 spell: Summon Ice Beast
  3728 | D:3      | Reached XP level 6. HP: 43/46 MP: 13/13
  3960 | D:4      | Noticed a slave
  3961 | D:4      | Noticed a slave
  3962 | D:4      | Noticed a slave
  3992 | D:4      | Killed a slave
  4007 | D:4      | Killed a slave
  4117 | D:4      | Noticed Pikel
  4117 | D:4      | Noticed a slave
  4137 | D:4      | Killed a slave
  4190 | D:4      | Killed a slave
  4415 | D:4      | Killed Pikel
  4415 | D:4      | Reached XP level 7. HP: 33/51 MP: 1/15
  4781 | D:4      | Noticed trelanon's ghost (average VSGl)
  4797 | D:4      | Banished trelanon's ghost
  4797 | D:4      | Reached skill level 5 in Staves
  5289 | D:5      | Entered Level 5 of the Dungeon
  5306 | D:4      | HP: 1/51 [gnoll/whip (4)]
  5694 | D:5      | Found a staircase to the Ecumenical Temple.
  5717 | Temple   | Entered the Ecumenical Temple
  5987 | Temple   | Became a worshipper of Sif Muna the Loreminder
  6153 | D:5      | Found a shadowy altar of Dithmenos.
  6339 | D:5      | Found a glowing golden altar of the Shining One.
  6425 | D:5      | Reached skill level 1 in Ice Magic
  6564 | D:5      | Found a glowing silver altar of Zin.
  6564 | D:5      | Noticed an angel
  6728 | D:5      | Found a blossoming altar of Fedhas.
  6797 | D:6      | Found a sparkling altar of Nemelex Xobeh.
  6800 | D:6      | Found an iron altar of Okawaru.
  6856 | D:6      | Reached XP level 8. HP: 53/57 MP: 15/17
  6971 | D:6      | Found a glowing drain.
  6994 | Sewer    | Entered a sewer
  7976 | D:6      | Acquired Sif Muna's first power
  8078 | D:6      | Noticed trelanon's ghost (experienced VSGl)
  8091 | D:6      | Killed trelanon's ghost
  8091 | D:6      | Reached skill level 6 in Staves
  8091 | D:6      | Reached skill level 5 in Summonings
  8426 | D:6      | Learned a level 4 spell: Summon Guardian Golem
  8472 | D:7      | Reached skill level 1 in Hexes
  9508 | D:8      | Found a sacrificial altar of Ru.
  9964 | D:8      | Reached XP level 9. HP: 50/62 MP: 18/18
  9992 | D:8      | Reached skill level 7 in Staves
 10051 | D:8      | Acquired Sif Muna's second power
 10144 | D:8      | Noticed Joseph
 10162 | D:8      | Killed Joseph
 10506 | D:8      | Found a radiant altar of Vehumet.
 11723 | D:9      | Reached skill level 1 in Invocations
 12363 | D:10     | Entered Level 10 of the Dungeon
 12367 | D:10     | Found a staircase to the Orcish Mines.
 12514 | D:10     | Reached skill level 8 in Summonings
 12658 | D:10     | Reached skill level 5 in Hexes
 12901 | D:10     | Reached XP level 10. HP: 63/69 MP: 16/21
 13072 | D:10     | Noticed Grum
 13086 | D:10     | Killed Grum
 13320 | D:10     | Noticed Fannar
 13359 | D:10     | Killed Fannar
 13520 | D:10     | Noticed Nergalle
 13537 | D:10     | Killed Nergalle
 13537 | D:10     | Reached skill level 9 in Summonings
 13548 | D:10     | Reached skill level 5 in Ice Magic
 14233 | D:10     | Noticed an ice statue
 14559 | D:10     | Acquired Sif Muna's third power
 15162 | D:10     | Noticed a frost giant
 15486 | D:10     | Killed an ice statue
 15486 | D:10     | Reached skill level 10 in Summonings
 15755 | D:10     | Noticed a hill giant
 15957 | D:10     | Killed a hill giant
 16009 | D:10     | Learned a level 4 spell: Summon Lightning Spire
 16080 | D:10     | Noticed an ice dragon
 16253 | D:10     | Reached skill level 5 in Spellcasting
 16908 | D:11     | Found Caick's Antique Weapon Shoppe.
 16908 | D:11     | Noticed a hill giant
 16922 | D:11     | Killed a hill giant
 16948 | D:11     | Found Iwas' Weapon Emporium.
 16951 | D:11     | Found a staircase to the Orcish Mines.
 16953 | D:11     | Noticed an orc knight
 16969 | D:11     | Killed an orc knight
 16969 | D:11     | Reached XP level 11. HP: 74/74 MP: 23/23
 17456 | D:11     | Reached skill level 5 in Invocations
 17521 | D:11     | Found a staircase to the Lair.
 17694 | Lair:1   | Entered Level 1 of the Lair of Beasts
 18139 | Lair:1   | Reached skill level 11 in Summonings
 18778 | Lair:2   | Reached skill level 1 in Evocations
 20066 | Lair:2   | You fall through a shaft for 2 floors!
 21739 | Lair:4   | Found a staircase to the Snake Pit.
 21836 | Lair:4   | Noticed a four-headed hydra
 21844 | Lair:4   | Killed a four-headed hydra
 21851 | Lair:4   | Reached XP level 12. HP: 85/85 MP: 17/24
 21938 | Lair:4   | Noticed Erica
 21953 | Lair:4   | Killed Erica
 22425 | Lair:5   | Found a staircase to the Swamp.
 22496 | Lair:5   | Reached skill level 1 in Air Magic
 22721 | Lair:5   | Noticed a seven-headed hydra
 22733 | Lair:5   | Killed a seven-headed hydra
 23301 | Lair:5   | Reached skill level 12 in Summonings
 23968 | Lair:6   | Received a gift from Sif Muna
 23970 | Lair:6   | Identified Sif Muna's Disquisition on Air (Sif Muna gifted it to you on level 6 of the Lair of Beasts)
 23975 | Lair:6   | Learned a level 3 spell: Flight
 24059 | Lair:6   | Reached skill level 1 in Charms
 24487 | Lair:6   | Reached skill level 10 in Staves
 24867 | Lair:6   | Noticed a six-headed hydra
 24878 | Lair:6   | Killed a five-headed hydra
 25367 | Lair:7   | Found a staircase to the Slime Pits.
 26571 | Lair:7   | Reached XP level 13. HP: 83/90 MP: 25/25
 26623 | Lair:8   | Entered Level 8 of the Lair of Beasts
 26698 | Lair:8   | Reached skill level 5 in Charms
 26737 | Lair:8   | Reached skill level 5 in Air Magic
 27431 | Lair:8   | Received a gift from Sif Muna
 27432 | Lair:8   | Identified Sif Muna's Reference Book on Bewitchment (Sif Muna gifted it to you on level 8 of the Lair of Beasts)
 27626 | Lair:8   | Found a deep blue altar of Sif Muna.
 28536 | D:12     | Noticed Nessos
 28744 | D:12     | Killed Nessos
 28854 | D:12     | Noticed Sonja
 28859 | D:12     | Killed Sonja
 29251 | D:12     | Killed from afar by a shock serpent (shapeshifter)

Action                   |  1- 3 |  4- 6 |  7- 9 | 10-12 | 13-15 || total
-------------------------+-------+-------+-------+-------+-------++-------
Melee: Unarmed           |    21 |       |       |     1 |       ||    22
       Mace              |    87 |       |       |       |       ||    87
       Short sword       |    29 |       |       |       |       ||    29
       Spear             |     7 |    31 |       |       |       ||    38
       Quarterstaff      |       |    97 |   400 |       |       ||   497
       Staff             |       |    12 |   291 |   688 |       ||   991
       Lajatang          |       |       |       |   269 |   270 ||   539
 Cast: Summon Small Mamm |    12 |     1 |     2 |    14 |       ||    29
       Call Canine Famil |     3 |    13 |    32 |    54 |    24 ||   126
       Call Imp          |     1 |    13 |    19 |    41 |     7 ||    81
       Summon Ice Beast  |       |       |    57 |   223 |    86 ||   366
       Summon Guardian G |       |       |     7 |    32 |    12 ||    51
       Summon Lightning  |       |       |       |    12 |    18 ||    30
Invok: Channel Energy    |       |       |    63 |   293 |   177 ||   533
 Abil: End Transformatio |       |       |       |    18 |       ||    18
       Bat Form          |       |       |       |    18 |       ||    18
Evoke: Wand              |       |       |     7 |    11 |     5 ||    23
  Use: Potion            |     1 |    10 |     5 |   109 |    65 ||   190
       Scroll            |       |       |    17 |    24 |    12 ||    53
 Stab: Sleeping          |     6 |     6 |     7 |    12 |       ||    31
       Distracted        |     1 |     1 |     5 |     5 |     1 ||    13
       Invisible         |       |     1 |       |       |       ||     1
       Paralysed         |       |     1 |       |       |       ||     1
       Petrifying        |       |       |     1 |       |       ||     1
  Eat: Corpse            |    14 |    13 |    46 |    29 |       ||   102
